AoeStats
← seabed

Arena

509917577Analyzed
4v4 RM · 3d ago on Sep 28, 2026· 74m 57s· 8 players
Game mode
Random Map
Map size
Large (8 player)
Population
200
Speed
Normal
Resources
Standard
Victory
Conquest
Starting age
Dark Age
Ending age
Imperial Age
RankedLock teamsTeams togetherTeam positionsShared explorationLock speedFull tech treeHidden civsTurbo modeCheats
Victory
Defeat
🇩🇪 Saxons · Germany
1524
+12
🇩🇪 Cumans · Germany
1465
+14
🇮🇳 Inca · India
1395
+17
🇩🇪 Mongols · Germany
1311
+20
🇨🇳 Spanish · China
1528
-20
🇨🇳 Franks · China
1524
-20
🇨🇳 Jurchens · China
1329
-12
🇭🇰 Sicilians · Hong Kong SAR China
1293
-11
_HerculePoirot_
10:53 Feudal Age
12:57 Loom
15:38 Castle Age
13:52 Double-Bit Axe
14:25 Horse Collar
15:16 Scale Mail Armor
15:15 Champi Runner
16:08 Forging
20:26 Champi Warrior
25:17 Bow Saw
24:30 Pikeman
25:12 Squires
30:00 Wheelbarrow
29:27 Heavy Plow
29:17 Gold Mining
29:19 Stone Mining
31:39 Iron Casting
31:20 Chain Mail Armor
32:54 Ballistics
32:44 Masonry
32:15 Treadmill Crane
32:18 Elite Skirmisher
33:04 Thumb Ring
33:01 Fletching
33:12 Padded Archer Armor
33:46 Bodkin Arrow
35:17 Andean Sling
35:39 Leather Archer Armor
39:06 Imperial Age
39:08 Gold Shaft Mining
39:09 Stone Shaft Mining
39:47 Fabric Shields
40:10 Conscription
39:52 Bracer
40:23 Ring Archer Armor
41:02 Chemistry
41:39 Halberdier
43:40 Halberdier
46:53 Plate Mail Armor
47:23 Blast Furnace
52:20 Murder Holes
58:09 Fortified Wall
62:17 Town Watch
63:44 Hand Cart
64:44 Hoardings
69:26 Capped Ram
70:34 Siege Ram
M*rpheu$
10:36 Feudal Age
15:27 Castle Age
13:39 Horse Collar
14:35 Double-Bit Axe
15:26 Fletching
17:35 Wheelbarrow
17:49 Bodkin Arrow
19:43 Crossbowman
21:03 Ballistics
22:17 Town Watch
24:48 Thumb Ring
25:44 Padded Archer Armor
27:41 Leather Archer Armor
31:28 Imperial Age
30:04 Gold Mining
31:33 Arbalester
32:37 Conscription
33:00 Heavy Plow
33:12 Bow Saw
35:21 Chemistry
34:31 Bracer
36:36 Drill
38:41 Town Patrol
38:56 Hand Cart
38:27 Loom
40:56 Nomads
42:48 Scale Barding Armor
42:53 Forging
43:52 Husbandry
44:03 Bloodlines
43:14 Elite Steppe Lancer
44:57 Light Cavalry
46:24 Chain Barding Armor
46:40 Iron Casting
46:07 Hussar
50:57 Iron Casting
53:47 Murder Holes
53:58 Siege Engineers
55:13 Blast Furnace
60:10 Caravan
67:25 Fortified Wall
70:35 Elite Mangudai
Raphael
8:46 Feudal Age
10:45 Double-Bit Axe
11:19 Loom
22:24 Wheelbarrow
23:43 Horse Collar
27:39 Castle Age
25:52 Gold Mining
26:52 Town Watch
29:01 Bloodlines
32:36 Imperial Age
30:48 Scale Barding Armor
30:54 Forging
31:39 Hand Cart
33:17 Cavalier
35:33 Fletching
39:46 Gold Shaft Mining
39:38 Light Cavalry
41:27 Hussar
43:05 Bodkin Arrow
44:38 Chain Barding Armor
47:04 Plate Barding Armor
47:05 Iron Casting
46:57 Heavy Plow
47:10 Bow Saw
46:54 Stone Mining
50:52 Blast Furnace
53:51 Blast Furnace
56:39 Ballistics
56:31 Masonry
60:28 Two-Man Saw
59:47 Caravan
67:13 Capped Ram
74:04 Siege Ram
Pipin
9:59 Feudal Age
13:40 Castle Age
12:09 Double-Bit Axe
12:05 Horse Collar
15:04 Bow Saw
19:25 Wheelbarrow
21:53 Heavy Plow
22:15 Hand Cart
21:46 Loom
27:29 Imperial Age
26:05 Scale Mail Armor
26:58 Forging
27:03 Chain Mail Armor
26:59 Gold Mining
27:00 Stone Mining
27:34 Squires
27:37 Elite Varangian Guard
28:00 Capped Ram
30:30 Treadmill Crane
30:40 Siege Ram
32:28 Masonry
33:12 Coinage
34:52 Conscription
34:34 Shield Wall
37:42 Banking
36:49 Elite Hearth Troop
38:14 Plate Mail Armor
38:20 Iron Casting
42:06 Scale Barding Armor
42:27 Conscription
42:30 Pikeman
43:11 Halberdier
43:56 Heavy Scorpion
46:02 Siege Engineers
46:19 Ballistics
46:59 Chemistry
45:53 Fletching
49:47 Bodkin Arrow
50:25 Architecture
52:24 Caravan
57:48 Murder Holes
57:59 Bracer
64:21 Two-Man Saw
64:56 Town Watch
71:50 Guilds
B站星熙社长
11:13 Feudal Age
16:07 Castle Age
15:48 Double-Bit Axe
15:45 Horse Collar
20:04 Loom
25:28 Wheelbarrow
26:48 Hand Cart
28:18 Town Watch
31:48 Imperial Age
29:18 Scale Mail Armor
30:37 Chain Mail Armor
30:33 Forging
30:28 Scale Barding Armor
32:33 Coinage
32:27 Husbandry
32:38 Bloodlines
33:26 Iron Casting
32:43 Elite Fire Lancer
33:23 Treadmill Crane
34:42 Fortified Wall
34:46 Masonry
35:54 Ballistics
36:38 Chemistry
37:09 Conscription
37:54 Fortified Bastions
38:30 Chain Barding Armor
38:34 Squires
40:04 Elite Fire Lancer
41:30 Guard Tower
42:54 Hoardings
44:32 Fortified Bastions
45:11 Hoardings
44:39 Fortified Bastions
45:17 Keep
45:17 Architecture
44:27 Light Cavalry
46:48 Plate Barding Armor
46:07 Fletching
47:40 Pikeman
51:13 Gold Mining
57:03 Bow Saw
56:57 Heavy Plow
58:08 Blast Furnace
57:58 Halberdier
73:59 Two-Man Saw
ty
9:46 Feudal Age
13:22 Castle Age
11:51 Double-Bit Axe
14:20 Bow Saw
20:27 Wheelbarrow
19:47 Loom
22:59 Hand Cart
23:08 Stone Mining
23:09 Gold Mining
28:47 Imperial Age
26:08 Treadmill Crane
26:48 Squires
26:54 Scale Mail Armor
27:13 Forging
28:01 Chain Mail Armor
27:47 Arson
29:55 Conscription
28:56 Elite Throwing Axeman
30:13 Iron Casting
30:43 Ballistics
31:46 Chemistry
31:22 Ballistics
32:10 Blast Furnace
32:00 Plate Mail Armor
32:06 Fletching
33:56 Scale Barding Armor
34:30 Cavalier
35:11 Husbandry
37:39 Hoardings
37:17 Masonry
37:12 Siege Engineers
37:32 Cavalier
38:34 Chain Barding Armor
38:57 Chivalry
39:57 Plate Barding Armor
38:54 Paladin
40:35 Coinage
43:33 Light Cavalry
50:01 Bodkin Arrow
50:24 Murder Holes
51:00 Architecture
50:16 Arrowslits
56:38 Caravan
57:09 Banking
60:37 Man-at-Arms
61:03 Gambesons
63:07 Guard Tower
63:28 Fortified Wall
72:45 Long Swordsman
seabed
5:32 Loom
11:30 Feudal Age
13:12 Double-Bit Axe
15:44 Castle Age
13:37 Horse Collar
16:45 Bow Saw
26:38 Wheelbarrow
26:06 Gold Mining
30:03 Imperial Age
27:40 Padded Archer Armor
28:43 Leather Archer Armor
29:53 Heavy Plow
30:05 Loom
31:50 Ring Archer Armor
32:22 Bloodlines
31:50 Elite Conquistador
35:28 Chemistry
37:22 Husbandry
37:52 Scale Barding Armor
38:55 Ballistics
42:29 Chain Barding Armor
41:46 Cavalier
44:21 Paladin
45:31 Hand Cart
47:15 Plate Barding Armor
47:09 Forging
49:37 Iron Casting
53:51 Light Cavalry
55:41 Blast Furnace
58:09 Hussar
59:46 Scale Mail Armor
59:37 Fletching
63:00 Bodkin Arrow
63:21 Chain Mail Armor
精锐步兵
5:47 Loom
9:03 Feudal Age
11:47 Fletching
19:25 Forging
25:25 Castle Age
25:17 Scale Mail Armor
26:28 Wheelbarrow
25:41 Double-Bit Axe
25:47 Gold Mining
25:48 Stone Mining
26:48 Iron Casting
29:35 Bow Saw
32:27 Hand Cart
34:25 Gold Shaft Mining
34:26 Stone Shaft Mining
34:38 Town Watch
39:37 Imperial Age
38:31 Bodkin Arrow
38:37 Padded Archer Armor
40:08 Leather Archer Armor
40:08 Bloodlines
39:59 Husbandry
39:41 Heavy Mounted Crossbowman
39:53 Cranequins
40:59 Ballistics
41:08 Bracer
42:48 Chemistry
42:42 Conscription
42:40 Elite Serjeant
44:01 Guilds
45:28 Blast Furnace
44:44 Chain Mail Armor
49:18 Hauberk
49:37 First Crusade
49:53 Hoardings
49:58 Siege Engineers
50:03 Masonry
50:14 Onager
52:05 Siege Onager
55:33 Pikeman
56:23 Elite Skirmisher
59:21 Halberdier
60:04 Squires
59:50 Arson
63:00 Halberdier
Connection lost

Rejoining the realm…

Still unreachable

The connection could not be restored.

Session expired

The server has moved on; the page needs a fresh start.